cohdb
Replays
Latest Replays
All Replays
Popular Replays
Top Player Replays
Match Explorer
How It Works
Community
CoH3 Stats
Reddit
Sign in to upload your games and track your stats! →
Sign in with Steam
Match 38603622
Unlisted
Match 38603622
Overview
Messages
Build Orders
End
Construct Section Command Post
Vickers Machine Gun Team
Infantry Section
Infantry Section
Infantry Section
Vickers Machine Gun Team
Construct Platoon Command Post
Humber Armored Car
Selects Air and Sea Battlegroup
Royal Engineer Section
Construct Field Infirmary
Selects Supply Surplus
ML 3-inch Mortar Team
Selects Centaur Medium Tank
Centaur Medium Tank
Royal Engineer Section
只愛❤毛妹
Firefly
0
0
Comments
sign in to comment!
No comments posted yet!